Map: Avalon Labs

Players

Ceaz

  • Race: Zerg Zerg
  • Spawn Location: 12:00

Ludwig

  • Race: Protoss Protoss
  • League: Gold
  • Spawn Location: 12:00

Zerold

  • Race: Protoss Protoss
  • Spawn Location: 11:00

Loken - Winner!

  • Race: Zerg Zerg
  • League: Platinum
  • Spawn Location: 5:00

dallaskuken - Winner!

  • Race: Protoss Protoss
  • League: Platinum
  • Spawn Location: 6:00

TimeTwist - Winner!

  • Race: Zerg Zerg
  • Spawn Location: 6:00

VOD

Have the link to the VOD?

Description

Time

  • Played on: March 22, 2017, 5:38 a.m.
  • Length: 13:07
Show
View Real Time Build Order
Export as new Build Order

Ceaz Zerg 

Build Orders: Hatch First, Muta Ling Bane 

Get SALT Encoding   

  12  0:01  Drone  
  13  0:10  Drone  
  14  0:40  Hatchery  
  13  0:51  Spawning Pool  
  13  0:52  Extractor  
  13  0:55  Drone  
  12  1:02  Drone  
  13  1:07  Drone  
  14  1:19  Overlord  
  14  1:39  Queen  
  16  1:43  Zergling x6  
  19  1:52  Queen  
  21  1:58  Drone  
  22  2:03  Drone  
  23  2:11  Metabolic Boost  
  23  2:20  Drone  
  24  2:24  Drone  
  24  2:26  Drone  
  26  2:35  Drone x2  
  28  2:41  Overlord  
  28  2:52  Lair  
  28  3:00  Drone  
  28  3:01  Drone  
  28  3:03  Drone x2  
  28  3:04  Drone  
  33  3:10  Drone x2  
  33  3:12  Drone  
  36  3:27  Zergling x2, Extractor  
  35  3:28  Overlord x2  
  36  3:38  Baneling Nest  
  36  3:39  Drone  
  36  3:49  Hatchery  
  36  3:53  Drone x3  
  38  3:59  Drone x2  
  41  4:10  Drone  
  41  4:11  Drone  
  41  4:12  Drone x2  
  41  4:16  Zergling x6  
  41  4:17  Zergling x2  
  47  4:36  Zergling x4  
  47  4:37  Zergling x6  
  47  4:46  Zergling x6  
  45  4:57  Zergling x8  
  46  5:11  Zergling x4  
  47  5:16  Queen, Drone  
  47  5:20  Queen  
  52  5:31  Spire  
  51  5:35  Drone  
  51  5:36  Drone x2  
  51  5:40  Zergling x4  
  51  5:41  Zergling x4  
  58  5:43  Baneling x3  
  58  5:44  Baneling x2  
  58  5:46  Overlord  
  58  5:58  Overlord  
  58  6:08  Drone x3  
  61  6:12  Centrifical Hooks  
  61  6:13  Drone x3  
  61  6:15  Drone x2  
  66  6:24  Drone  
  67  6:25  Evolution Chamber  
  67  6:26  Evolution Chamber  
  67  6:27  Spore Crawler  
  67  6:31  Spine Crawler  
  67  6:32  Spore Crawler  
  62  6:33  Spine Crawler  
  62  6:34  Spore Crawler  
  62  6:38  Spine Crawler, Drone  
  60  6:40  Drone  
  60  6:43  Zerg Flyer Weapons Level 1  
  60  6:45  Drone  
  62  6:47  Drone  
  62  6:48  Drone  
  62  6:53  Drone x2  
  66  6:55  Drone  
  66  6:56  Drone  
  68  7:09  Overlord x2  
  68  7:13  Extractor  
  67  7:19  Mutalisk x4, Extractor  
  67  7:20  Extractor  
  73  7:26  Baneling x2  
  73  7:29  Zergling x4  
  76  7:30  Zergling x6  
  76  7:33  Drone x2  
  80  7:37  Drone x3  
  82  7:54  Mutalisk  
  82  7:55  Zergling x10  
  82  7:57  Overlord  
  89  7:58  Overlord  
  89  8:05  Drone, Extractor  
  89  8:17  Mutalisk  
  85  8:24  Mutalisk  
  85  8:25  Zergling x6  
  87  8:30  Drone x2  
  87  8:31  Drone x3  
  92  8:38  Mutalisk x2, Drone x3  
  99  8:44  Mutalisk x3  
  105  8:58  Overlord x4  
  105  9:12  Overlord  
  105  9:17  Mutalisk x3  
  105  9:18  Mutalisk x2  
  105  9:19  Zergling x4  
  105  9:20  Zergling x10  
  96  9:35  Mutalisk x2  
  97  9:41  Drone  
  97  9:42  Drone x2  
  97  9:43  Drone  
  96  9:53  Mutalisk x3  
  73  10:00  Mutalisk  
  73  10:03  Drone  
  74  10:09  Mutalisk  
  76  10:14  Drone  
  76  10:15  Drone  
  78  10:22  Mutalisk x2  
  78  10:23  Zergling x10  
  78  10:24  Hatchery  
  86  10:31  Hatchery  
  86  10:34  Mutalisk x3  
  88  10:41  Mutalisk  
  82  10:50  Mutalisk  
  82  10:51  Mutalisk  
  82  10:52  Zergling x4  
  82  10:53  Zergling x10  
  93  10:59  Mutalisk  
  91  11:14  Mutalisk x2  
  91  11:15  Zergling x6  
  91  11:18  Mutalisk  
  87  11:25  Drone x2  
  32  11:36  Overlord  
  32  11:38  Mutalisk  
  18  11:47  Mutalisk x2  
  13  11:48  Zergling x10  
  22  11:54  Overlord x2  
  22  11:55  Queen  
  20  12:08  Mutalisk  
Show
View Real Time Build Order
Export as new Build Order

Ludwig Protoss 

Build Orders:  

Get SALT Encoding   

  12  0:02  Probe (Chrono Boost)  
  13  0:13  Probe (Chrono Boost)  
  14  0:20  Pylon  
  14  0:23  Probe (Chrono Boost)  
  15  0:38  Probe (Chrono Boost)  
  16  0:48  Probe (Chrono Boost)  
  17  0:59  Probe (Chrono Boost)  
  18  1:10  Probe (Chrono Boost), Nexus  
  19  1:20  Assimilator, Probe (Chrono Boost)  
  20  1:31  Probe (Chrono Boost)  
  21  1:42  Gateway  
  21  1:54  Probe (Chrono Boost)  
  22  2:05  Probe (Chrono Boost)  
  23  2:18  Nexus  
  23  2:22  Probe x2 (Chrono Boost)  
  25  2:33  Probe x2 (Chrono Boost)  
  25  2:35  Zealot  
  29  2:38  Assimilator  
  29  2:42  Cybernetics Core  
  29  2:50  Probe x2 (Chrono Boost)  
  31  2:52  Pylon  
  31  3:01  Probe x2 (Chrono Boost)  
  31  3:04  Pylon  
  33  3:11  Zealot, Probe x2 (Chrono Boost)  
  37  3:20  Pylon  
  37  3:23  Pylon  
  37  3:26  Assimilator  
  37  3:27  Probe x2 (Chrono Boost)  
  37  3:30  Mothership Core (Chrono Boost)  
  41  3:38  Stalker, Probe x2 (Chrono Boost)  
  47  3:48  Probe x2 (Chrono Boost)  
  47  3:49  Probe (Chrono Boost)  
  47  3:52  Forge  
  48  3:59  Probe x3 (Chrono Boost)  
  51  4:04  Assimilator  
  51  4:06  Pylon  
  51  4:08  Pylon  
  51  4:31  Photon Cannon  
  51  4:32  Photon Cannon  
  51  4:36  Photon Cannon  
  51  4:40  Photon Cannon  
  51  4:46  Photon Cannon  
  51  4:52  Photon Cannon  
  51  4:53  Photon Cannon  
  51  4:58  Probe x3 (Chrono Boost)  
  54  5:08  Probe x3 (Chrono Boost)  
  54  5:10  Stalker  
  54  5:14  Pylon  
  59  5:15  Pylon  
  59  5:17  Pylon  
  59  5:21  Pylon  
  59  5:23  Pylon  
  59  5:27  Robotics Facility  
  59  5:29  Stargate, Probe x3 (Chrono Boost)  
  59  5:31  Stargate  
  62  5:39  Assimilator  
  62  5:40  Probe (Chrono Boost)  
  62  5:42  Probe x2 (Chrono Boost)  
  65  5:46  Assimilator  
  65  5:50  Probe (Chrono Boost)  
  65  5:53  Probe x2 (Chrono Boost)  
  68  5:57  Stalker  
  68  6:01  Probe (Chrono Boost)  
  68  6:03  Robotics Facility  
  71  6:07  Stargate  
  71  6:10  Stargate  
  71  6:13  Stargate  
  71  6:18  Immortal  
  75  6:32  Probe x2 (Chrono Boost)  
  78  6:33  Probe (Chrono Boost)  
  78  6:43  Probe x2 (Chrono Boost)  
  80  6:49  Probe (Chrono Boost)  
  80  6:53  Probe x2 (Chrono Boost)  
  83  6:59  Probe (Chrono Boost)  
  83  7:01  Observer  
  85  7:04  Probe (Chrono Boost)  
  85  7:05  Void Ray x2  
  85  7:06  Nexus  
  85  7:07  Void Ray  
  85  7:08  Pylon x2  
  98  7:10  Pylon  
  98  7:12  Pylon  
  98  7:15  Assimilator  
  98  7:17  Immortal  
  98  7:19  Assimilator  
  102  7:42  Void Ray x2  
  110  7:48  Protoss Air Weapons Level 1  
  110  7:49  Protoss Shields Level 1  
  110  8:04  Probe x3 (Chrono Boost)  
  113  8:15  Probe x3 (Chrono Boost)  
  116  8:25  Nexus  
  116  8:30  Void Ray x4  
  116  8:31  Nexus  
  132  8:49  Phoenix  
  127  9:02  Photon Cannon  
  125  9:04  Photon Cannon  
  125  9:07  Photon Cannon  
  125  9:08  Photon Cannon  
  119  9:12  Photon Cannon  
  119  9:15  Photon Cannon  
  119  9:17  Pylon  
  107  9:21  Pylon  
  107  9:22  Phoenix, Pylon  
  107  9:23  Phoenix x4, Pylon  
  114  9:26  Pylon  
  113  9:31  Pylon  
  113  9:33  Pylon  
  113  9:42  Protoss Air Armor Level 1  
  113  9:47  Phoenix  
  115  9:58  Void Ray  
  119  10:00  Void Ray  
  119  10:05  Protoss Ground Weapons Level 1  
  123  10:19  Void Ray  
  123  10:20  Nexus  
  127  10:24  Nexus  
  81  10:54  Mothership Core (Chrono Boost)  
  81  10:55  Void Ray  
  81  10:56  Void Ray  
  81  10:57  Void Ray  
  69  11:22  Immortal  
  38  12:19  Probe (Chrono Boost)  
  38  12:21  Probe (Chrono Boost)  
  23  12:30  Probe (Chrono Boost)  
  23  12:31  Probe (Chrono Boost)  
  11  12:40  Probe (Chrono Boost)  
  10  12:51  Probe (Chrono Boost)  
Show
View Real Time Build Order
Export as new Build Order

Zerold Protoss 

Build Orders:  

Get SALT Encoding   

  12  0:03  Probe (Chrono Boost)  
  14  0:14  Probe (Chrono Boost)  
  14  0:19  Pylon  
  14  0:28  Probe (Chrono Boost)  
  15  0:38  Probe (Chrono Boost)  
  15  0:41  Gateway  
  16  1:00  Gateway  
  16  1:02  Gateway  
  16  1:22  Pylon  
  16  1:34  Zealot  
  16  1:38  Assimilator  
  18  1:41  Assimilator  
  18  1:43  Probe (Chrono Boost)  
  19  1:53  Zealot x2  
  23  2:01  Gateway  
  23  2:07  Zealot  
  25  2:24  Zealot  
  25  2:25  Zealot  
  29  2:34  Zealot  
  31  2:45  Pylon  
  31  3:03  Pylon, Probe (Chrono Boost)  
  32  3:14  Probe (Chrono Boost)  
  33  3:24  Cybernetics Core  
  33  3:25  Probe (Chrono Boost)  
  34  3:35  Probe (Chrono Boost)  
  35  3:58  Pylon  
  35  4:06  Stalker x2  
  35  4:07  Stalker  
  35  4:08  Stalker  
  43  4:57  Stalker x2  
  43  4:58  Stalker x2  
  51  5:12  Probe (Chrono Boost)  
  52  5:18  Pylon  
  52  5:22  Pylon  
  52  5:23  Probe (Chrono Boost)  
  53  5:39  Stalker  
  53  5:40  Stalker x2  
  59  5:43  Stalker  
  61  6:12  Stalker x2  
  61  6:13  Stalker  
  61  6:15  Stalker  
  69  6:27  Forge  
  69  6:39  Forge  
  69  7:01  Warp Gate  
  69  7:03  Protoss Ground Weapons Level 1  
  69  7:14  Protoss Ground Armor Level 1  
  69  7:28  Gateway  
  69  7:29  Nexus  
  69  7:55  Pylon  
  69  7:56  Pylon  
  69  8:23  Stalker  
  69  8:24  Stalker x2  
  69  8:25  Stalker  
  77  8:29  Stalker  
  79  9:29  Stalker x4  
  79  9:30  Stalker  
  71  10:14  Stalker x4  
  71  10:15  Stalker  
  81  10:22  Protoss Shields Level 1  
  47  10:52  Stalker x3  
  49  11:03  Zealot x2  
  45  11:38  Zealot x3  
  45  11:39  Zealot  
Show
View Real Time Build Order
Export as new Build Order

Loken Zerg - Winner!

Build Orders: Hatch First 

Get SALT Encoding   

  12  0:02  Drone  
  13  0:13  Drone  
  14  0:17  Overlord  
  14  0:38  Drone x3  
  17  0:57  Drone  
  17  0:59  Hatchery  
  17  1:01  Drone  
  18  1:16  Spawning Pool  
  17  1:20  Drone  
  18  1:25  Extractor  
  18  1:26  Drone  
  18  1:35  Drone  
  19  1:43  Overlord  
  19  2:03  Queen  
  19  2:07  Hatchery  
  20  2:13  Queen  
  22  2:19  Drone  
  22  2:22  Drone  
  24  2:26  Drone  
  24  2:28  Drone  
  26  2:31  Drone  
  27  2:37  Metabolic Boost  
  27  2:46  Drone x2  
  29  2:53  Drone x2  
  29  2:58  Drone  
  32  3:03  Drone  
  32  3:05  Drone  
  34  3:12  Drone, Extractor  
  34  3:16  Overlord x2  
  34  3:18  Drone  
  34  3:19  Drone  
  36  3:23  Drone x3  
  39  3:30  Drone x2  
  39  3:31  Drone  
  42  3:37  Drone  
  42  3:40  Drone x2  
  45  3:46  Queen  
  45  3:48  Drone x3  
  50  3:50  Drone  
  51  3:56  Lair  
  51  3:57  Drone  
  51  4:01  Extractor x2  
  50  4:03  Drone x3  
  50  4:07  Drone  
  50  4:08  Drone, Extractor  
  50  4:09  Drone  
  55  4:13  Drone x2, Extractor  
  56  4:22  Queen  
  58  4:27  Overlord  
  58  4:28  Overlord x2  
  58  4:47  Drone x7  
  65  5:06  Drone  
  66  5:07  Drone x7  
  66  5:10  Drone x2  
  66  5:12  Drone  
  76  5:18  Hatchery  
  75  5:23  Drone x7  
  75  5:25  Infestation Pit  
  81  5:34  Evolution Chamber  
  80  5:35  Evolution Chamber  
  79  5:55  Pneumatized Carapace  
  79  6:01  Zerg Melee Weapons Level 1, Zerg Ground Armor Level 1  
  79  6:07  Spire  
  78  6:24  Queen  
  80  6:25  Hatchery  
  79  6:45  Hive  
  79  6:55  Spire  
  78  7:01  Overlord x2  
  78  7:02  Overlord x6  
  78  7:03  Overlord x5  
  78  7:04  Overlord x4  
  78  7:28  Zerg Flyer Weapons Level 1  
  78  7:30  Mutalisk  
  78  7:31  Mutalisk x14  
  78  7:32  Mutalisk x4  
  116  7:56  Zerg Melee Weapons Level 2  
  116  7:57  Zerg Ground Armor Level 2  
  116  8:14  Zergling x2  
  116  8:15  Zergling x30  
  116  8:16  Zergling x46  
  155  8:20  Zerg Flyer Armor Level 1  
  155  8:56  Zergling x2  
  155  8:57  Zergling x30  
  155  8:58  Zergling x18  
  139  9:43  Zergling x2  
  139  9:44  Zergling x26  
  139  9:45  Zergling x14  
  123  10:08  Zergling x2  
  123  10:09  Zergling x20  
  134  10:15  Zerg Melee Weapons Level 3  
  134  10:16  Zerg Ground Armor Level 3  
  134  10:20  Zerg Flyer Weapons Level 2  
  134  10:21  Zerg Flyer Armor Level 2  
  134  10:32  Zergling x12  
  134  10:33  Zergling x8  
  141  11:21  Mutalisk  
  141  11:22  Mutalisk x11  
  141  11:23  Mutalisk x11  
  175  11:27  Zergling x14  
  175  11:28  Zergling x12  
  161  11:54  Zergling x2  
  161  11:55  Zergling x30  
  161  11:56  Zergling x12  
Show
View Real Time Build Order
Export as new Build Order

dallaskuken Protoss - Winner!

Build Orders:  

Get SALT Encoding   

  12  0:01  Probe (Chrono Boost)  
  13  0:11  Probe (Chrono Boost)  
  14  0:20  Pylon  
  14  0:23  Probe (Chrono Boost)  
  15  0:39  Probe (Chrono Boost)  
  16  0:43  Forge  
  16  0:49  Probe (Chrono Boost)  
  17  1:00  Probe (Chrono Boost)  
  18  1:07  Gateway  
  18  1:10  Pylon  
  18  1:11  Probe (Chrono Boost)  
  19  1:22  Photon Cannon  
  19  1:24  Probe (Chrono Boost)  
  20  1:34  Probe (Chrono Boost)  
  21  1:45  Probe (Chrono Boost)  
  22  1:55  Zealot, Nexus  
  24  2:07  Probe (Chrono Boost)  
  25  2:10  Assimilator  
  25  2:13  Assimilator  
  25  2:21  Cybernetics Core  
  25  2:28  Zealot  
  27  2:36  Probe (Chrono Boost)  
  28  2:46  Pylon  
  28  2:47  Probe (Chrono Boost)  
  29  2:58  Probe (Chrono Boost)  
  30  3:04  Stalker  
  32  3:08  Probe (Chrono Boost)  
  32  3:10  Probe (Chrono Boost)  
  34  3:19  Probe (Chrono Boost)  
  35  3:21  Probe (Chrono Boost)  
  36  3:29  Probe (Chrono Boost)  
  36  3:32  Probe (Chrono Boost)  
  36  3:33  Stargate  
  38  3:34  Stalker  
  40  3:43  Probe (Chrono Boost)  
  40  3:48  Probe (Chrono Boost)  
  42  3:53  Probe (Chrono Boost)  
  43  3:58  Assimilator  
  43  4:02  Assimilator  
  43  4:04  Probe (Chrono Boost)  
  44  4:11  Photon Cannon  
  44  4:14  Probe (Chrono Boost)  
  44  4:15  Photon Cannon  
  45  4:20  Fleet Beacon  
  45  4:25  Probe (Chrono Boost)  
  46  4:31  Pylon  
  46  4:34  Pylon  
  46  4:35  Probe (Chrono Boost)  
  46  4:37  Void Ray  
  51  4:46  Probe (Chrono Boost)  
  52  4:56  Probe (Chrono Boost)  
  53  5:02  Stargate  
  53  5:09  Pylon  
  53  5:12  Pylon  
  53  5:13  Pylon  
  53  5:15  Probe (Chrono Boost)  
  54  5:22  Carrier  
  54  5:25  Mothership Core (Chrono Boost)  
  54  5:26  Probe (Chrono Boost)  
  63  5:36  Probe (Chrono Boost)  
  64  5:47  Probe (Chrono Boost)  
  71  6:01  Nexus  
  71  6:02  Pylon  
  71  6:07  Assimilator  
  71  6:11  Carrier, Assimilator  
  77  6:22  Protoss Air Weapons Level 1  
  77  6:26  Protoss Shields Level 1  
  77  6:49  Carrier  
  83  7:15  Probe (Chrono Boost)  
  84  7:26  Probe (Chrono Boost)  
  85  7:30  Carrier  
  85  7:36  Probe (Chrono Boost)  
  86  7:42  Stargate  
  92  7:47  Probe (Chrono Boost)  
  93  7:57  Probe (Chrono Boost)  
  94  8:04  Protoss Air Weapons Level 2  
  94  8:08  Probe (Chrono Boost)  
  95  8:17  Carrier  
  95  8:18  Probe (Chrono Boost)  
  102  8:34  Twilight Council  
  102  8:36  Carrier  
  108  8:48  Pylon  
  108  8:50  Pylon  
  108  8:52  Pylon  
  108  8:54  Pylon  
  108  8:58  Carrier  
  114  9:43  Carrier  
  120  10:01  Carrier  
  120  10:05  Protoss Air Armor Level 1  
  126  10:07  Protoss Shields Level 2  
  126  10:12  Carrier  
  132  10:32  Stargate  
  132  10:34  Stargate  
  100  11:08  Carrier  
  106  11:19  Carrier x2  
  118  11:29  Mothership Core (Chrono Boost)  
Show
View Real Time Build Order
Export as new Build Order

TimeTwist Zerg - Winner!

Build Orders: Hatch First 

Get SALT Encoding   

  12  0:01  Drone  
  13  0:13  Drone  
  14  0:37  Overlord  
  14  0:45  Hatchery  
  14  0:48  Drone  
  14  0:57  Drone x2  
  15  1:03  Drone  
  17  1:15  Drone  
  18  1:18  Spawning Pool  
  18  1:23  Drone  
  18  1:33  Extractor  
  18  1:38  Drone  
  18  1:55  Drone x2  
  18  1:57  Drone  
  21  2:06  Queen  
  21  2:07  Queen  
  25  2:09  Drone x2  
  27  2:20  Drone  
  28  2:23  Overlord  
  28  2:44  Drone x2  
  28  2:45  Drone x2  
  28  2:46  Metabolic Boost  
  32  2:55  Hatchery  
  31  3:00  Zergling x2  
  31  3:01  Zergling x4  
  34  3:18  Zergling x2, Overlord  
  34  3:19  Overlord  
  35  3:20  Zergling x2  
  36  3:36  Drone  
  36  3:37  Zergling x2  
  36  3:38  Zergling x8  
  42  3:50  Drone  
  42  3:55  Lair  
  43  4:00  Drone x6, Extractor  
  43  4:01  Hatchery  
  47  4:08  Drone x3  
  50  4:11  Overlord  
  50  4:42  Drone x4  
  50  4:43  Drone x7  
  58  4:56  Drone  
  52  5:14  Zergling x4  
  52  5:15  Zergling x8  
  58  5:21  Queen  
  60  5:28  Extractor  
  60  5:29  Extractor  
  60  5:30  Spore Crawler  
  60  5:33  Drone x2  
  59  5:39  Spore Crawler  
  59  5:41  Spire  
  57  5:47  Roach Warren  
  57  5:49  Drone x5  
  61  5:58  Queen, Drone x3  
  61  6:00  Extractor  
  61  6:02  Extractor  
  64  6:12  Hatchery  
  63  6:26  Overlord x3  
  63  6:27  Drone x4  
  63  6:28  Drone x5  
  72  6:34  Drone, Spore Crawler  
  72  6:51  Glial Reconstitution  
  72  6:53  Mutalisk x3  
  72  6:54  Mutalisk x3  
  76  6:56  Mutalisk  
  76  6:59  Overlord  
  76  7:00  Drone, Overlord  
  76  7:01  Drone x3  
  90  7:14  Drone x2  
  90  7:15  Drone  
  93  7:20  Roach x4  
  93  7:21  Roach x5  
  111  7:35  Roach x3  
  111  7:36  Overlord x6  
  117  7:39  Drone  
  117  7:43  Queen  
  117  7:58  Roach x5  
  121  8:21  Roach x6  
  121  8:22  Roach  
  135  8:32  Burrow  
  135  8:34  Tunneling Claws  
  135  8:39  Drone x2  
  135  8:40  Drone  
  138  8:41  Infestation Pit  
  138  8:43  Extractor  
  138  8:45  Extractor, Spore Crawler  
  134  8:50  Hatchery  
  134  8:51  Drone x3  
  136  9:02  Hydralisk Den  
  135  9:03  Evolution Chamber  
  135  9:05  Evolution Chamber  
  133  9:10  Roach x3  
  133  9:11  Roach x6  
  133  9:12  Roach x6  
  133  9:13  Roach, Overlord x2  
  133  9:14  Overlord  
  165  9:32  Hydralisk x2  
  165  9:33  Hydralisk x6  
  165  9:35  Muscular Augments  
  165  9:38  Zerg Ground Armor Level 1, Zerg Missile Weapons Level 1  
  181  9:39  Pathogen Glands  
  181  9:42  Hive  
  181  9:44  Hydralisk x3  
  181  9:45  Hydralisk  
  189  9:49  Overseer  
  189  9:52  Overseer  
  189  10:01  Drone x2  
  189  10:02  Drone  
  192  10:14  Drone x2  
  192  10:15  Drone  
  192  10:16  Drone  
  191  11:08  Drone x4  
  191  11:11  Spore Crawler  
  194  11:13  Extractor  
  194  11:17  Spine Crawler, Extractor  
  191  11:19  Drone x4  
  191  11:20  Spine Crawler x2  
  191  11:22  Spine Crawler  
  192  11:28  Drone x2  
  192  11:29  Spine Crawler x3, Drone x3  
  192  11:30  Spine Crawler, Drone  
  192  11:31  Spine Crawler, Drone  
  192  12:10  Ultralisk Cavern  
  192  12:12  Drone x4  
Tags
 
Add a new tag
Caveats
  • Supply blocks, unpowered buildings, or Contaminate may cause inaccurate times.
  • Supply counts are checked every 10 seconds.